 Dungeon Crawl Stone Soup version 0.24-a0-439-g6dd8730de2 (webtiles) character file.

Game seed: 18270617591320048627

46 KristoblXynda the Slasher (level 3, 0/30 HPs)
             Began as a Draconian Gladiator on June 17, 2019.
             Slain by a gnoll
             ... wielding a +0 halberd
              (14 damage)
             ... on level 3 of the Dungeon.
             The game lasted 00:02:00 (1487 turns).

KristoblXynda the Slasher (Draconian Gladiator)     Turns: 1487, Time: 00:02:01

Health: 0/30       AC:  5    Str: 16    XL:     3   Next: 46%
Magic:  3/3        EV: 13    Int:  8    God:
Gold:   68         SH:  0    Dex: 13    Spells: 2/2 levels left

rFire    . . .     SeeInvis .   a - +0 long sword
rCold    . . .     Gourm    .   (no shield)
rNeg     + . .     Faith    .   (armour unavailable)
rPois    .         Spirit   .   b - +0 hat
rElec    .         Reflect  .   (no cloak)
rCorr    .         Harm     .   (no gloves)
MR       .....                  (no boots)
Stlth    +.........             (no amulet)
HPRegen  0.10/turn              h - ring of positive energy
MPRegen  0.08/turn              (no ring)

@: no status effects
A: unfitting armour, cold-blooded, AC +5
a: no special abilities


You were on level 3 of the Dungeon.
You were hungry.

You visited 1 branch of the dungeon, and saw 3 of its levels.

You collected 68 gold pieces.

Inventory:

Hand Weapons
 a - a +0 long sword (weapon)
Missiles
 c - 4 throwing nets (quivered)
Armour
 b - a +0 hat (worn)
Jewellery
 h - a ring of positive energy (left hand)
 i - an uncursed amulet of faith {unknown}
Scrolls
 e - a scroll of identify {unknown}
 f - a scroll of teleportation {unknown}
 g - a scroll of fear {unknown}
 j - a scroll of remove curse {unknown}
 k - a scroll of immolation {unknown}
Comestibles
 d - 2 rations


   Skills:
 + Level 2.8 Fighting
 * Level 3.7 Long Blades
 - Level 2.0 Throwing
 + Level 3.0 Dodging


You had 2 spell levels left.
You didn't know any spells.
Your spell library was empty.

Dungeon Overview and Level Annotations

Branches:
Dungeon (3/15)

Altars:


Innate Abilities, Weirdness & Mutations

Your plain brown scales are hard. (AC +5)
You cannot fit into any form of body armour.
You are cold-blooded and may be slowed by cold attacks.


Message History

The gnoll shouts!
You hear a shout! x2
A gnoll comes into view.
The gnoll closely misses you.
A gnoll comes into view.
You hit the gnoll.
The gnoll is lightly wounded.
The gnoll hits you with a +0 halberd.
You barely miss the gnoll.
The gnoll is lightly wounded.
The gnoll hits you with a +0 halberd.
You hit the gnoll.
The gnoll is moderately wounded.
The gnoll hits you with a +0 halberd.
You hit the gnoll but do no damage.
The gnoll is moderately wounded.
You barely miss the gnoll.
The gnoll is moderately wounded.
The gnoll barely misses you. x2
The gnoll hits you with a +0 halberd!
You die...

#...#...........
g..#)).........
#.#.#.#(.)......?.
#.......##.##....#
###.#...g..# ..#
#.###g## ...# ...
#g###....#
#.#.###.g.#....#.
#. #...@#........
# ####...##.....
##.## ##.# #.# #.#
... #.# ... ...


You could see 4 gnolls.

Vanquished Creatures
  A worm (D:2)
  A dart slug (D:2)
  2 leopard geckos
  A ball python (D:2)
  3 giant cockroaches (D:1)
  5 goblins
  4 hobgoblins
  4 kobolds
  A quokka (D:2)
  6 bats
  A frilled lizard (D:1)
  9 rats
38 creatures vanquished.

Notes
Turn   | Place    | Note
-------+----------+-------------------------------------------
     0 | D:1      | KristoblXynda the Draconian Gladiator began the quest for
                  | the Orb.
     0 | D:1      | Reached XP level 1. HP: 17/17 MP: 1/1
   154 | D:1      | Reached XP level 2. HP: 25/25 MP: 2/2
   984 | D:2      | Reached XP level 3. HP: 30/30 MP: 3/3
  1487 | D:3      | Slain by a gnoll

Levels and vault maps discovered:
D:1:      psy_arrival_terrarium, layout_loops_ring
D:2:      layout_basic, uniq_natasha
D:3:      layout_loops_cross

Skill      XL: |  1  2 |
---------------+-------+-----
Throwing       | 2 |  2.0
Dodging        | 3 |  3.0
Fighting       | |  2.8
Long Blades    | |  3.7

Action                   || total
-------------------------++-------
Melee: Long sword        ||    89
       Tailslap          ||    10
  Eat: Chunk             ||     1
Armor: Skin              ||    23
Dodge: Dodged            ||    93
       Rpst.: Long sword ||    20

Table legend:
 A = Non-vault XP
 B = Vault XP
 C = Vault XP percentage of total XP
 D = Non-vault monster count
 E = Vault monster count
 F = Vault count percentage of total count
                 A         B        C        D         E       F
            +---------+---------+-------+---------+---------+-------
      Total |      67 |       0 |   0.0 |      38 |       0 |   0.0
            +---------+---------+-------+---------+---------+-------
        D:1 |      26 |       0 |   0.0 |      18 |       0 |   0.0
        D:2 |      31 |       0 |   0.0 |      14 |       0 |   0.0
        D:3 |      10 |       0 |   0.0 |       6 |       0 |   0.0
            +---------+---------+-------+---------+---------+-------
